General information
- name: BNet
- type: Ladder 1vs1/FFA
- host: Battle.net
- saver: EyesInTheDark
map: TidewaterGlades
- players: 2
- length: 47:22
- speed: Fast
- version: 1.26 W3XP
- replay type: Public
» download(114 KB)
Players
team 1 (loser)
holycrapp (
red | 24 APM | 1140 actions | 47:22)
5 Blademaster
1 Wind Walk
3 Critical Strike
1 Mirror Image
» actions
| Build / train | 100 | |
| Enter build submenu | 28 | |
| Enter hero's abilities submenu | 5 | |
| Give item / drop item | 3 | |
| Remove unit from queue | 2 | |
| Right click | 568 | |
| Select / deselect | 382 | |
| Use ability | 51 | |
1140 total
» units
| Peon | 21 | |
| Grunt | 17 | |
| Wind Rider | 26 | |
| Shaman | 6 | |
| Troll Batrider | 8 | |
78 total
» upgrades
| Spiked Barricades | 1 | |
| Envenomed Spears | 1 | |
| Ranged Weapons | 2 | |
| Armor | 1 | |
| Shaman Training | 2 | |
| Liquid Fire | 1 | |
8 total
» buildings
| Orc Burrow | 5 | |
| Altar of Storms | 1 | |
| Barracks | 1 | |
| War Mill | 1 | |
| Voodoo Lounge | 1 | |
| Stronghold | 1 | |
| Watch Tower | 8 | |
| Beastiary | 2 | |
| Fortress | 1 | |
| Great Hall | 1 | |
| Spirit Lodge | 1 | |
23 total
» build order
00:06 Orc Burrow
00:09 Altar of Storms
00:49 Barracks
01:55 Orc Burrow
02:30 War Mill
02:34 Voodoo Lounge
03:37 Orc Burrow
04:31 Stronghold
04:46 Watch Tower
05:51 Watch Tower
06:41 Orc Burrow
07:00 Beastiary
07:11 Fortress
08:03 Beastiary
09:50 Great Hall
12:10 Spirit Lodge
13:40 Orc Burrow
13:51 Watch Tower
14:48 Watch Tower
16:34 Watch Tower
26:36 Watch Tower
27:50 Watch Tower
27:55 Watch Tower
» items
| Healing Salve | 2 | |
| Scroll of Town Portal | 1 | |
| Lesser Clarity Potion | 1 | |
4 total
team 2 (winner)
EyesInTheDark (
blue | 73 APM | 3477 actions | 47:22)
9 Warden
3 Fan of Knives
3 Blink
3 Shadow Strike
» actions
| Assign group hotkey | 270 | |
| Basic commands | 86 | |
| Build / train | 199 | |
| Enter build submenu | 145 | |
| Enter hero's abilities submenu | 9 | |
| Give item / drop item | 11 | |
| Right click | 1541 | |
| Select / deselect | 507 | |
| Select group hotkey | 219 | |
| Use ability | 490 | |
3477 total
» units
| Wisp | 159 | |
| Huntress | 5 | |
| Furbolg Shaman | 1 | |
| Goblin Shredder | 1 | |
| Goblin Zeppelin | 1 | |
167 total
» upgrades
| Sentinel | 1 | |
| Well Spring | 1 | |
| Nature's Blessing | 1 | |
| Ultravision | 1 | |
4 total
» buildings
| Moon Well | 93 | |
| Altar of Elders | 2 | |
| Ancient of War | 49 | |
| Hunter's Hall | 1 | |
| Ancient Protector | 48 | |
| Tree of Ages | 1 | |
| Tree of Eternity | 1 | |
| Ancient of Wonders | 1 | |
| Tree of Life | 5 | |
201 total
» build order
00:09 Moon Well
00:38 Altar of Elders
00:44 Altar of Elders
00:52 Moon Well
01:35 Moon Well
01:54 Moon Well
02:10 Ancient of War
02:24 Hunter's Hall
02:35 Moon Well
03:45 Ancient Protector
04:33 Tree of Ages
04:52 Moon Well
05:11 Moon Well
05:44 Moon Well
06:06 Moon Well
06:59 Moon Well
07:04 Tree of Eternity
08:18 Ancient of Wonders
08:21 Tree of Life
08:25 Ancient Protector
08:25 Ancient Protector
08:26 Ancient Protector
08:26 Ancient Protector
08:26 Ancient Protector
08:46 Ancient Protector
10:31 Moon Well
10:32 Moon Well
12:08 Moon Well
13:03 Moon Well
13:03 Moon Well
13:04 Moon Well
13:04 Moon Well
13:44 Ancient Protector
13:44 Ancient Protector
13:44 Ancient Protector
14:52 Ancient Protector
14:52 Ancient Protector
14:53 Ancient Protector
15:01 Moon Well
15:01 Moon Well
15:02 Moon Well
15:03 Moon Well
15:03 Moon Well
15:04 Moon Well
15:07 Moon Well
16:25 Moon Well
16:25 Moon Well
16:25 Moon Well
16:26 Moon Well
16:27 Moon Well
16:27 Moon Well
16:29 Moon Well
17:46 Moon Well
17:47 Moon Well
17:47 Moon Well
17:48 Moon Well
17:48 Moon Well
17:49 Moon Well
17:49 Moon Well
17:50 Moon Well
17:50 Moon Well
17:50 Moon Well
17:51 Moon Well
17:51 Moon Well
17:51 Moon Well
21:03 Tree of Life
21:08 Ancient Protector
21:08 Ancient Protector
21:09 Ancient Protector
21:09 Ancient Protector
21:09 Ancient Protector
21:10 Ancient Protector
21:12 Ancient Protector
21:17 Ancient Protector
21:21 Ancient Protector
21:29 Moon Well
21:29 Moon Well
21:29 Moon Well
21:30 Moon Well
21:30 Moon Well
21:30 Moon Well
21:31 Moon Well
21:32 Moon Well
21:34 Moon Well
21:36 Moon Well
23:44 Ancient Protector
23:44 Ancient Protector
23:47 Ancient Protector
25:17 Tree of Life
25:26 Ancient Protector
25:26 Ancient Protector
25:32 Ancient Protector
25:42 Ancient Protector
26:20 Ancient Protector
26:21 Ancient Protector
26:22 Ancient Protector
26:28 Moon Well
26:28 Moon Well
26:29 Moon Well
26:30 Moon Well
26:30 Moon Well
26:30 Moon Well
26:35 Moon Well
26:36 Moon Well
26:37 Moon Well
26:37 Moon Well
28:10 Ancient Protector
28:14 Ancient Protector
28:18 Moon Well
28:21 Moon Well
28:22 Moon Well
28:29 Moon Well
29:36 Tree of Life
29:40 Ancient Protector
29:40 Ancient Protector
29:40 Ancient Protector
29:47 Ancient Protector
29:48 Ancient Protector
30:00 Moon Well
30:00 Moon Well
30:01 Moon Well
30:01 Moon Well
30:02 Moon Well
30:07 Moon Well
30:08 Moon Well
30:08 Moon Well
30:08 Moon Well
30:09 Moon Well
33:56 Tree of Life
34:06 Moon Well
34:07 Moon Well
34:07 Moon Well
34:08 Moon Well
34:08 Moon Well
34:09 Moon Well
34:09 Moon Well
34:10 Moon Well
34:10 Moon Well
34:11 Moon Well
34:22 Ancient Protector
34:22 Ancient Protector
34:23 Ancient Protector
34:34 Moon Well
34:36 Moon Well
34:36 Moon Well
34:37 Moon Well
34:39 Ancient Protector
34:39 Ancient Protector
34:40 Ancient Protector
34:41 Ancient Protector
34:42 Ancient Protector
34:44 Ancient Protector
36:22 Ancient of War
36:22 Ancient of War
36:24 Ancient of War
36:25 Ancient of War
36:26 Ancient of War
36:27 Ancient of War
36:30 Ancient of War
36:31 Ancient of War
36:31 Ancient of War
36:32 Ancient of War
36:33 Ancient of War
36:34 Ancient of War
36:36 Ancient of War
36:38 Ancient of War
36:40 Ancient of War
36:41 Ancient of War
36:42 Ancient of War
37:28 Ancient of War
37:29 Ancient of War
37:30 Ancient of War
37:34 Ancient of War
37:39 Ancient of War
37:44 Ancient of War
37:45 Ancient of War
37:46 Ancient of War
37:47 Ancient of War
37:49 Ancient of War
37:49 Ancient of War
37:51 Ancient of War
37:59 Ancient of War
38:02 Ancient of War
38:16 Ancient of War
38:20 Ancient of War
38:29 Ancient of War
38:30 Ancient of War
38:31 Ancient of War
38:33 Ancient of War
38:35 Ancient of War
38:39 Ancient of War
38:46 Ancient of War
38:50 Ancient of War
45:41 Ancient of War
45:42 Ancient of War
45:43 Ancient of War
45:44 Ancient of War
45:45 Ancient of War
46:12 Ancient of War
» items
| Boots of Speed | 1 | |
| Lesser Clarity Potion | 1 | |
| Potion of Mana | 2 | |
| Potion of Invisibility | 4 | |
| Orb of Venom | 1 | |
| Periapt of Vitality | 2 | |
| Scroll of Town Portal | 1 | |
12 total
Chat log
(03:00 / All) EyesInTheDark: WOW YOU GOT A WISP
(03:34 / All) EyesInTheDark: all around productive day for you
(11:44 / All) EyesInTheDark: mirror image
(11:48 / All) EyesInTheDark: this gon' be good lol
(17:23 / All) EyesInTheDark: Oh, warcraft so blase
(23:10 / All) EyesInTheDark: HEY MAN NICE SHOT
(25:49 / All) EyesInTheDark: taking the expansion you just cleared
(25:51 / All) EyesInTheDark: hope you don't mind
(27:27 / All) EyesInTheDark: this is why we can't have nice things
(31:21 / All) EyesInTheDark: FURBOLGS OUT
(31:27 / All) EyesInTheDark: ETHNIC CLEANSING
(31:36 / All) EyesInTheDark: NIGHTS ONLY
(31:58 / All) EyesInTheDark: excellent unit choice
(32:02 / All) EyesInTheDark: a brilliant transition
(35:53 / All) EyesInTheDark: FURBOLGS OUT I SAID
(35:55 / All) EyesInTheDark: NIGHTS ONLY
(43:32 / All) EyesInTheDark: MARCHING THE ENTS TO ISENGARD